 Dungeon Crawl Stone Soup version 0.31-a0-233-g139696dc86 (webtiles) character file.

Game seed: 1740973446818405619

29778 Demosthentine the Grand Scion (level 13, -15/95 HPs)
             Began as a Demonspawn Gladiator on July 10, 2023.
             Was a High Priest of Hepliaklqana.
             Killed from afar by Azrael (38 damage)
             ... with damnation
             ... on level 14 of the Dungeon.
             The game lasted 00:19:59 (13727 turns).

Demosthentine the Grand Scion (DsGl)               Turns: 13727, Time: 00:19:59

Health: -15/95     AC: 13    Str: 16    XL:     13   Next: 17%
Magic:  0/21       EV: 17    Int: 11    God:    Hepliaklqana [*****.]
Gold:   1284       SH:  5    Dex: 17    Spells: 12/12 levels left

rFire   . . .        y - +1 trident (flame)
rCold   + . .        H - +0 buckler
rNeg    . . .        F - +0 troll leather armour
rPois   .            n - +2 hat
rElec   .            i - scarf {repulsion}
rCorr   .            (no gloves)
SInv    +            v - +2 pair of boots
Will    .....        x - amulet of guardian spirit
Stlth   +            C - ring of protection from cold
HPRegen 3.15/turn    A - ring of see invisible
MPRegen 0.17/turn

%: repel missiles, guardian spirit
@: no status effects
A: reduced essence, antennae 1, icy blue scales 2, foul stench 2, powered by
death 2, augmentation 1
a: Renounce Religion, Recall Ancestor, Ancestor Identity, Transference, Idealise


You were on level 14 of the Dungeon.
You worshipped Hepliaklqana.
Hepliaklqana was extremely pleased with you.
You visited 2 branches of the dungeon, and saw 15 of its levels.
You also visited: Ice Cave.

You collected 1284 gold pieces.

Inventory:

Hand Weapons
 y - a +1 trident of flaming (weapon)
Missiles
 d - 2 throwing nets (quivered)
 e - a javelin
Armour
 i - a scarf of repulsion (worn)
 k - a scarf of repulsion
 n - a +2 hat (worn)
 v - a +2 pair of boots (worn)
 F - a +0 troll leather armour (worn)
 H - a +0 buckler (worn)
Jewellery
 b - a +4 ring of protection
 g - a ring of fire
 s - a ring of magical power
 x - an amulet of guardian spirit (around neck)
 A - a ring of see invisible (right hand)
 C - a ring of protection from cold (left hand)
 M - a ring of ice
Wands
 z - a wand of flame (23)
 B - a wand of charming (11)
 G - a wand of iceblast (7)
 I - a wand of digging (6)
Scrolls
 a - 2 scrolls of enchant armour
 h - 2 scrolls of amnesia
 p - a scroll of butterflies
 q - 5 scrolls of noise
 r - a scroll of silence
 D - 2 scrolls of enchant weapon
 K - a scroll of brand weapon
Potions
 c - 2 potions of ambrosia
 f - 6 potions of curing
 j - 2 potions of magic {unknown}
 l - a potion of berserk rage
 o - 3 potions of attraction {unknown}
 t - a potion of resistance
 u - a potion of invisibility
 w - a potion of enlightenment
 E - 3 potions of haste {unknown}
 J - 2 potions of cancellation {unknown}
 L - 2 potions of mutation {unknown}


   Skills:
 + Level 11.4 Fighting
 + Level 10.6 Polearms
 - Level 1.7 Throwing
 - Level 6.0 Armour
 + Level 10.6 Dodging
 - Level 4.2 Shields
 + Level 11.5 Invocations


You had 12 spell levels left.
You didn't know any spells.
Your spell library contained the following spells:

 Spells                   Type           Power      Damage    Failure   Level
 Freeze                   Ice            0%         1d3       50%         1
 Kiss of Death            Conj/Necr      0%         2d5       50%         1
 Sandblast                Erth           0%         2d4       50%         1
 Sting                    Tmut/Pois      0%         1d3       50%         1
 Ensorcelled Hibernation  Hex/Ice        0%         N/A       63%         2
 Lesser Beckoning         Tloc           0%         N/A       63%         2
 Passwall                 Tmut/Erth      0%         N/A       63%         2
 Poisonous Vapours        Pois/Air       0%         N/A       63%         2
 Confusing Touch          Hex            0%         N/A       86%         3
 Gell's Gravitas          Tloc           0%         N/A       86%         3
 Mephitic Cloud           Conj/Pois/Air  0%         N/A       86%         3
 Ozocubu's Armour         Ice            0%         N/A       86%         3
 Stone Arrow              Conj/Erth      0%         3d7       86%         3
 Teleport Other           Tloc           0%         N/A       86%         3
 Anguish                  Hex/Necr       0%         N/A       99%         4
 Cause Fear               Hex            0%         N/A       99%         4
 Dispel Undead            Necr           0%         3d6       99%         4
 Olgreb's Toxic Radiance  Pois           0%         N/A       99%         4
 Freezing Cloud           Conj/Ice/Air   0%         6-21      100%        5
 Simulacrum               Ice/Necr       0%         N/A       100%        6
 Enfeeble                 Hex            0%         N/A       100%        7


Dungeon Overview and Level Annotations

Branches:
Dungeon (14/15)            Temple (1/1) D:6            Lair (0/5) D:9
    Orc (0/2) D:10         Vaults (0/5) D:14          IceCv (visited)

Altars:
Ashenzari
Cheibriados
Dithmenos
Fedhas
Gozag
Hepliaklqana
Kikubaaqudgha
Makhleb
Nemelex Xobeh
Okawaru
Qazlal
Ru
Sif Muna
Trog
Uskayaw
Vehumet
Wu Jian
Xom
Yredelemnul

Annotations:
D:12 2 transporters, reriks's ghost, adept GrFi
D:14 Azrael; Nessos; Rupert


Innate Abilities, Weirdness & Mutations

Your life essence is reduced to manifest your ancestor. (-10% HP)
You have a pair of small antennae on your head.
You are mostly covered in icy blue scales. (AC +3)
You sometimes emit foul miasma when damaged in melee.
You regenerate health from kills.
Your magical and physical power is slightly enhanced at high health.


Message History

You block Azrael's attack.
Unknown command.
You completely miss Azrael.
Azrael is lightly wounded.
Azrael gestures at you.
The sphere of damnation explodes!
The damnation engulfs you!!
The damnation engulfs Azrael.
Azrael completely resists.
You hit Azrael.
Azrael is lightly wounded.
Unknown command.
Unknown command.
You hit Azrael.
Azrael is moderately wounded.
Azrael gestures at you. The bolt of fire hits you!!
Unknown command.
You barely miss Azrael.
Azrael is moderately wounded.
Azrael hits you with a +3 scimitar of flaming!
Azrael burns you.
Unknown command.
You are too injured to fight recklessly!
You are too injured to fight recklessly!
Unknown command.
You are too injured to fight recklessly!
Unknown command.
You are too injured to fight recklessly!
Unknown command.
You are too injured to fight recklessly!
You hit Azrael but do no damage.
Azrael is moderately wounded.
Azrael gestures at you.
The sphere of damnation explodes!
The damnation engulfs you!!
* * * LOW HITPOINT WARNING * * *
The damnation engulfs Azrael.
Azrael completely resists.
Unknown command.
You feel better. Azrael gestures at you.
The sphere of damnation explodes!
The damnation engulfs you!!!
You die...

#+#...#'#.#####.#+#.## #
#.....R.#.+...R.#...######
###...#####...####........
+...'.#.....R.#...######
#####.#+#...#'##.##
#.###.....#...#....#
#...'..)..##+#######
#.###.....# ###.#@#°
+.#†R.# ####..# #.# .# .#
#


You could see Azrael.

Vanquished Creatures
  A white draconian (IceCv)
  A hydra (D:14)
  2 two-headed ogres
  A centaur warrior (D:11)
  2 ugly things (D:13)
  2 cyclopes (D:11)
  An ice statue (IceCv)
  4 slime creatures
  Maggie (D:8)
  3 gargoyles
  Psyche (D:12)
  4 rime drakes
  An unseen horror (D:12)
  8 trolls
  Sigmund (D:3)
  A vampire (D:12)
  A basilisk (D:12)
  17 yaks
  A fire elemental (D:14)
  A wyvern (D:8)
  A steam dragon (D:9)
  4 vampire mosquitoes
  An acid dragon (D:12)
  6 water moccasins
  A hell hound (D:14)
  2 black bears
  7 orc warriors
  An ice beast (D:7)
  2 ogres
  2 centaurs
  2 kobold brigands
  A wyvern zombie (D:5)
  A gnoll sergeant (D:6)
  3 scorpions (D:5)
  3 bullfrogs
  22 wights
  4 lindwurm simulacra (IceCv)
  6 killer bees (D:7)
  4 electric eels (D:9)
  A hexer (IceCv)
  A howler monkey (D:10)
  3 bullfrog zombies (D:5)
  7 komodo dragon simulacra (IceCv)
  13 orc priests
  5 hounds
  A human zombie (D:5)
  2 jellies
  A gnoll bouda (D:5)
  4 iguanas
  2 sleepcaps (D:5)
  10 orc wizards
  A scorpion zombie (D:5)
  A hound zombie (D:5)
  2 mummies (D:5)
  4 acid dragon simulacra (IceCv)
  7 adders
  12 gnolls
  3 shadow imps (D:7)
  2 white imps
  5 steam dragon simulacra (IceCv)
  4 worms
  2 dart slugs
  47 orcs
  4 bats
  11 endoplasms
  5 giant cockroaches
  4 goblins
  6 hobgoblins
  14 kobolds
  4 quokkas (D:3)
  5 ball pythons
  8 frilled lizards
  5 rats
333 creatures vanquished.

Vanquished Creatures (collateral kills)
  Erolcha (D:12)
  A catoblepas (D:13)
  A centaur warrior (D:14)
  A two-headed ogre (D:11)
  A tengu warrior (D:13)
  A wizard (D:14)
  A deep elf pyromancer (D:14)
  A cyclops (D:12)
  An ice statue (IceCv)
  3 gargoyles
  A kobold demonologist (D:13)
  2 rime drakes
  A tengu conjurer (D:13)
  A troll (D:11)
  2 slime creatures (D:14)
  A shadow (D:10)
  7 yaks
  A fire elemental (D:14)
  2 vampire mosquitoes (D:11)
  A hell hound (D:14)
  2 orc warriors (D:12)
  2 centaurs
  A phantom (D:7)
  A bullfrog (D:9)
  A gnoll sergeant (D:9)
  4 wights (D:10)
  2 howler monkeys (D:10)
  3 electric eels (D:9)
  4 orc priests
  An orc wizard (D:7)
  3 gnolls (D:9)
  An acid dragon simulacrum (IceCv)
  An ufetubus (D:7)
  5 orcs
  5 kobolds
67 creatures vanquished.

Vanquished Creatures (others)
  A human (D:14)
  7 hexers
  7 ancestors
  An orc (D:8)
16 creatures vanquished.

Grand Total: 416 creatures vanquished

Notes
Turn   | Place    | Note
-------+----------+-------------------------------------------
     0 | D:1      | Demosthentine the Demonspawn Gladiator began the quest for
                  | the Orb.
     0 | D:1      | Reached XP level 1. HP: 16/16 MP: 1/1
   376 | D:1      | Gained mutation: You are partially covered in icy blue
                  | scales. (AC +2) [demonic ancestry]
   376 | D:1      | Reached XP level 2. HP: 22/22 MP: 2/2
   498 | D:2      | HP: 1/23 [gnoll/+0 flail (11)]
   503 | D:2      | Reached skill level 1 in Armour
   503 | D:2      | Reached XP level 3. HP: 3/28 MP: 3/3
   619 | D:2      | Found a faded altar of an unknown god.
   932 | D:2      | Reached XP level 4. HP: 34/34 MP: 4/4
   986 | D:2      | Found a shimmering altar of Xom.
  1441 | D:3      | Noticed Sigmund
  1450 | D:3      | Killed Sigmund
  1451 | D:3      | Gained mutation: You regenerate a little health from kills.
                  | [demonic ancestry]
  1451 | D:3      | Reached XP level 5. HP: 36/41 MP: 5/5
  1451 | D:3      | Gained mutation: You may rarely emit foul miasma when
                  | damaged in melee. [demonic ancestry]
  1451 | D:3      | Reached XP level 6. HP: 41/47 MP: 6/6
  1551 | D:3      | Found a bloodstained altar of Trog.
  1844 | D:3      | Found a hide-covered altar of Uskayaw.
  2168 | D:4      | Found a stormy altar of Qazlal.
  2337 | D:4      | Found a radiant altar of Vehumet.
  2943 | D:4      | Gained mutation: You have a pair of small antennae on your
                  | head. [demonic ancestry]
  2943 | D:4      | Reached XP level 7. HP: 54/54 MP: 7/7
  3062 | D:5      | Entered Level 5 of the Dungeon
  3197 | D:5      | Found an ancient bone altar of Kikubaaqudgha.
  3557 | D:5      | Reached skill level 5 in Fighting
  3583 | D:5      | Found a sparkling altar of Nemelex Xobeh.
  3608 | D:5      | Reached skill level 5 in Polearms
  3619 | D:5      | Gained mutation: You regenerate health from kills. [demonic
                  | ancestry]
  3619 | D:5      | Reached XP level 8. HP: 60/62 MP: 8/8
  3698 | D:5      | Reached skill level 5 in Dodging
  4466 | D:6      | Found a staircase to the Ecumenical Temple.
  4592 | Temple   | Entered the Ecumenical Temple
  4811 | Temple   | Became a worshipper of Hepliaklqana the Forgotten
  5291 | D:6      | Found a shimmering blue altar of Sif Muna.
  5394 | D:6      | Reached skill level 5 in Armour
  5641 | D:7      | Gained mutation: You sometimes emit foul miasma when
                  | damaged in melee. [demonic ancestry]
  5641 | D:7      | Reached XP level 9. HP: 69/69 MP: 9/9
  6199 | D:7      | Reached * piety under Hepliaklqana
  6211 | D:7      | Found an opulent altar of Gozag.
  6600 | D:8      | Noticed Maggie
  6637 | D:8      | Killed Maggie
  6913 | D:8      | Reached skill level 1 in Invocations
  7436 | D:8      | Reached XP level 10. HP: 64/67 MP: 12/12
  7574 | D:9      | Found a sacrificial altar of Ru.
  7945 | D:9      | Noticed a two-headed ogre
  7949 | D:9      | Reached skill level 5 in Invocations
  7954 | D:9      | Killed a two-headed ogre
  8041 | D:9      | Identified the +5 mace of the Rat {flame, rF+ MP-9 Dex+7}
  8216 | D:9      | Reached ** piety under Hepliaklqana
  8217 | D:9      | Remembered your ancestor Beorhtric as a hexer
  8333 | D:9      | Found a staircase to the Lair.
  8544 | D:9      | Identified the +4 chain mail of Watchfulness {Harm Int+2}
  8944 | D:10     | Entered Level 10 of the Dungeon
  8980 | D:10     | Reached skill level 1 in Shields
  9006 | D:10     | Gained mutation: You are mostly covered in icy blue scales.
                  | (AC +3) [demonic ancestry]
  9006 | D:10     | Reached XP level 11. HP: 71/76 MP: 15/15
  9110 | D:10     | Found a staircase to the Orcish Mines.
  9378 | D:10     | Identified the +1 robe "Wickegh" {*Corrode rPois Stlth+}
  9688 | D:10     | Found a shimmering altar of Xom.
  9836 | D:11     | Reached *** piety under Hepliaklqana
 10344 | D:11     | Noticed a two-headed ogre
 10352 | D:11     | Killed a two-headed ogre
 10428 | D:11     | Noticed a centaur warrior
 10436 | D:11     | Killed a centaur warrior
 10562 | D:11     | Reached XP level 12. HP: 87/87 MP: 18/18
 10742 | D:12     | Reached **** piety under Hepliaklqana
 10759 | D:12     | Noticed a two-headed ogre
 10762 | D:12     | Noticed a two-headed ogre
 10764 | D:12     | Noticed reriks's ghost (adept GrFi)
 10764 | D:12     | Found a bloodstained altar of Trog.
 10768 | D:12     | Found a transporter.
 10791 | D:12     | Reached skill level 10 in Fighting
 10808 | D:12     | Noticed a two-headed ogre
 10905 | D:12     | Noticed a tengu warrior
 11004 | D:12     | Noticed Psyche
 11005 | D:12     | Found a transporter.
 11013 | D:12     | Killed Psyche
 11041 | D:12     | Noticed Erolcha
 11046 | D:12     | Killed Erolcha
 11732 | D:13     | Noticed a two-headed ogre
 11747 | D:13     | Killed a two-headed ogre
 11812 | D:13     | Noticed a catoblepas
 11824 | D:13     | Killed a catoblepas
 11825 | D:13     | Reached skill level 10 in Invocations
 11834 | D:13     | Found a frozen archway.
 11842 | D:13     | Reached skill level 10 in Polearms
 11842 | D:13     | Reached skill level 10 in Dodging
 11846 | IceCv    | Entered an ice cave
 12038 | IceCv    | Got the Papyrus of Hypothermia
 12244 | IceCv    | Noticed a white draconian
 12259 | IceCv    | Killed a white draconian
 12932 | D:13     | Noticed a tengu warrior
 12947 | D:13     | Killed a tengu warrior
 13029 | D:13     | Reached ***** piety under Hepliaklqana
 13432 | D:14     | Gained mutation: Your magical and physical power is
                  | slightly enhanced at high health. [demonic ancestry]
 13432 | D:14     | Reached XP level 13. HP: 92/95 MP: 21/21
 13537 | D:14     | Noticed Nessos
 13537 | D:14     | Noticed Rupert
 13537 | D:14     | Found a gate to the Vaults.
 13689 | D:14     | Noticed Azrael
 13727 | D:14     | Killed from afar by Azrael

Illustrated notes

Levels and vault maps discovered:
D:1:      noname_arrival_rooms_in_the_neighbourhood, layout_basic
D:2:      layout_rooms, hellmonk_ecumenical_altar_crossroads, basic_altar
D:3:      layout_loops_corners, mainiacjoe_overflow_paths,
          eat_drink_and_be_merry_uskayaw, st_stairs_10, corexii_hall_statues_s,
          minmay_cut_off, uniq_sigmund
D:4:      layout_gridville, lemuel_crystal_altar,
          mainiacjoe_overflow_surrounded_room
D:5:      layout_cave_pods, lemuel_mausoleum_altar_kikubaaqudgha,
          nemelex_xobeh_ov_fountains_minmay, corner_web_ring
D:6:      layout_gridville, marbit_many_paths,
          mainiacjoe_overflow_concentric_impassable,
          minmay_temple_entry_butterflies
D:7:      layout_cave_pods, nicolae_gozag_seed_capital
D:8:      layout_basic, chequers_arboretum, uniq_maggie
D:9:      layout_cross, nicolae_ru_awakened_eye, due_lair_maze_entry_diamond,
          serial_bayou, serial_bayou_shore_a, serial_bayou_shore_b,
          serial_bayou_lake_a, serial_bayou_lagoon_a, serial_bayou_pond_c
D:10:     cheibrodos_statue_roulette, layout_rooms, general_overflow_altar,
          orc_0_dummy
D:11:     layout_grid_maze
D:12:     layout_basic, gammafunk_ghost_wrathful_warriors, special_room
          [special_room_orc], lemuel_old_faithful, uniq_erolcha, uniq_psyche
D:13:     layout_basic, portal_ice_cave_rime, nicolae_sextant
D:14:     nicolae_cairo_tiling_large, layout_small_grid, david_vaults_3,
          small_statue_alley_a, uniq_azrael
Temple:   bh_familiar_temple

Skill      XL: |  1  2  3  4  5  6  7  8  9 10 11 12 |
---------------+-------------------------------------+-----
Dodging        | 3 4 5 7 8 9 10 | 10.6
Polearms       | 3 4 5 6 7 8 9 10 | 10.6
Armour         | 1 2 3 5 6 |  6.0
Fighting       | 3 4 5 6 7 8 9 11 | 11.4
Invocations    | 2 6 8 11 | 11.5
Shields        | 1 4 |  4.2
Throwing       | |  1.7

Action                     |  1- 3 |  4- 6 |  7- 9 | 10-12 | 13-15 || total
---------------------------+-------+-------+-------+-------+-------++-------
  Melee: Trident           |    94 |   182 |   552 |   857 |    67 ||  1752
         Punch             |       |     3 |     3 |     9 |       ||    15
  Throw: Throwing net      |     1 |     2 |     3 |     1 |       ||     7
 Invoke: Ancestor Life: He |       |       |       |     1 |       ||     1
         Recall Ancestor   |       |       |       |     3 |       ||     3
    Use: Scroll            |     1 |     6 |    15 |     5 |     1 ||    28
         Potion            |     1 |       |     4 |     2 |     1 ||     8
   Stab: Sleeping          |       |     5 |     1 |     1 |       ||     7
         Held in net/web   |       |     1 |     1 |     1 |       ||     3
         Confused          |       |       |       |    20 |     4 ||    24
         Distracted        |       |       |       |     6 |     2 ||     8
 Armour: Leather armour    |    34 |    60 |   206 |    37 |       ||   337
         Troll leather arm |       |       |       |   130 |    10 ||   140
  Dodge: Dodged            |    51 |   104 |   417 |   445 |    34 ||  1051
         Repelled          |       |     1 |     1 |    13 |     1 ||    16
  Block: Buckler           |       |       |       |    55 |     6 ||    61

Table legend: (Time is in decaauts)
 A = Elapsed time spent in this place.
 B = Non-inter-level travel time spent in this place.
 C = Inter-level travel time spent in this place.
 D = Time resting spent in this place.
 E = Time spent auto-exploring this place.
 F = Levels seen in this place.
 G = Mean time per level.
                   A        B        C        D        E       F      G
               +--------+--------+--------+--------+--------+-----+--------+
         Total |  13725 |  13347 |    378 |    507 |   9652 |  16 |  857.8 |
       Dungeon |  12888 |  12565 |    323 |    425 |   9260 |  14 |  920.6 |
        Temple |    256 |    201 |     55 |      0 |    166 |   1 |  256.0 |
      Ice Cave |    580 |    580 |      0 |     82 |    226 |   1 |  580.0 |
               +--------+--------+--------+--------+--------+-----+--------+

Top non-repeatable levels by time:
     D:5: 1531 daAuts
     D:9: 1248 daAuts
     D:8: 1150 daAuts
     D:7: 1099 daAuts
     D:3: 1083 daAuts
    D:12: 1073 daAuts
    D:13: 1045 daAuts
    D:11: 959 daAuts
     D:4: 930 daAuts
    D:10: 786 daAuts
     D:6: 667 daAuts
     D:2: 610 daAuts
   IceCv: 580 daAuts
     D:1: 471 daAuts
  Temple: 256 daAuts
